 Dungeon Crawl Stone Soup version 0.30.1-3-gfc49f6343a (webtiles) character file.

Game seed: 14966433677499415405

131 Bronimir the Magician (level 5, -1/36 HPs)
             Began as a Djinni Fire Elementalist on July 29, 2023.
             Slain by a gnoll
             ... wielding a +0 flail
              (6 damage)
             ... on level 4 of the Dungeon.
             The game lasted 00:07:40 (2837 turns).

Bronimir the Magician (Djinni Fire Elementalist)    Turns: 2837, Time: 00:07:40

Health: -1/36      AC:  2    Str:  7    XL:     5   Next: 37%
Gold:   150        EV: 12    Int: 19    God:
                   SH:  0    Dex: 13

rFire   + + .        l - +0 sling
rCold   x . .        (no shield)
rNeg    . . .        a - +0 robe
rPois   ∞            (no helmet)
rElec   .            (no cloak)
rCorr   .            (no gloves)
SInv    .            (boots unavailable)
Will    .....        (no amulet)
Stlth   ++           (no ring)
HPRegen 0.26/turn    (no ring)
MPRegen 0.00/turn

%: infuse magic (-2 HP)
@: flying
A: sickness immunity, fire resistance 2, cold vulnerability 1, float, innate
caster, HP casting, extra vitality 1
a: no special abilities


You were on level 4 of the Dungeon.
You visited 1 branch of the dungeon, and saw 4 of its levels.

You collected 150 gold pieces.

Inventory:

Hand Weapons
 h - a +0 short sword
 l - a +0 sling (weapon)
Missiles
 c - 25 stones
Armour
 a - a +0 robe (worn)
Jewellery
 e - a ring of protection from fire
Scrolls
 f - 4 scrolls of identify {unknown}
 i - a scroll of summoning {unknown}
 j - a scroll of poison {unknown}
 m - a scroll of silence {unknown}
 o - a scroll of blinking {unknown}
 p - a scroll of teleportation {unknown}
 q - a scroll of amnesia {unknown}
 t - a scroll of brand weapon {unknown}
 v - a scroll of magic mapping {unknown}
Potions
 b - a potion of lignification {unknown}
 d - 4 potions of might {unknown}
 g - 3 potions of curing {unknown}
 k - a potion of heal wounds {unknown}
 n - a potion of brilliance {unknown}
 r - a potion of attraction {unknown}
 s - a potion of mutation {unknown}
 u - a potion of degeneration {unknown}


   Skills:
 + Level 0.5 Fighting
 + Level 1.4 Ranged Weapons
 * Level 3.0 Dodging
 + Level 1.7 Stealth
 * Level 3.6 Spellcasting


You knew the following spells:

 Your Spells              Type           Power      Damage    Failure   Level
a - Foxfire               Conj/Fire      68%        2x1d7     3%          1
b - Scorch                Fire           34%        2d6       4%          2
c - Volatile Blastmotes   Fire/Tloc      34%        2d12      10%         3
d - Inner Flame           Hex/Fire       17%        N/A       10%         3
e - Flame Wave            Conj/Fire      17%        2d7       30%         4
f - Summon Small Mammal   Summ           68%        N/A       3%          1
g - Lesser Beckoning      Tloc           34%        N/A       4%          2
Your spell library was empty.

Dungeon Overview and Level Annotations

Branches:
Dungeon (4/15)
 Temple: D:4-7

Altars:


Innate Abilities, Weirdness & Mutations

You are immune to sickness and miasma.
You are immune to poison.
Your flesh is very heat resistant. (rF++)
You are vulnerable to cold. (rC-)
You float through the air rather than walking.
You learn spells naturally, not from books.
Your magical power is your life essence.
You have superior vitality. (+4 MHP)


Message History

Flames lash the gnoll.
The gnoll is moderately wounded.
The gnoll's fire resistance burns away.
A dart slug comes into view.
Flames lash the gnoll.
The gnoll is heavily wounded.
The gnoll's fire resistance burns away.
Flames lash the gnoll.
The gnoll is burned terribly!
You kill the gnoll!
The gnoll barely misses you.
Your Dodging skill increases to level 3!
Flames lash the gnoll.
The gnoll is burned terribly!
You kill the gnoll!
The gnoll hits you from afar with a +0 spear.
Flames lash the gnoll.
The gnoll is almost dead.
The gnoll's fire resistance burns away.
The gnoll hits you from afar with a +0 spear!
You are too injured to fight recklessly!
You are too injured to fight recklessly!
Unknown command.
You are too injured to fight recklessly!
Casting: Scorch (safe; 4% risk of failure)
Confirm with . or Enter, or press ? or * to list all spells.
Flames lash the gnoll.
The gnoll is burned terribly!
You kill the gnoll!
Casting: Scorch (safe; 4% risk of failure)
Confirm with . or Enter, or press ? or * to list all spells.
Flames lash the dart slug.
The dart slug is severely wounded.
The dart slug's fire resistance burns away.
The gnoll closely misses you.
Casting: Scorch (safe; 4% risk of failure)
Confirm with . or Enter, or press ? or * to list all spells.
Flames lash the gnoll.
The gnoll is moderately wounded.
The gnoll's fire resistance burns away.
The gnoll hits you with a +0 flail.
* * * LOW HITPOINT WARNING * * *
The gnoll attacks as you move away! The gnoll hits you with a +0 flail.
You die...

####.##...
#......... #####
#.........
##...###.........
##...[.##..=......
#....<..#...).....
#.......#.)w....?.
#.......##g# #
##.....#.@.###....
#.............$.>
#.......##........
#.......##........
#.......##........
##.....########.#.
##...# .# #### .


You could see a gnoll (combustible) and a dart slug (combustible).

Vanquished Creatures
  6 gnolls
  3 adders
  A worm (D:2)
  2 dart slugs
  An orc (D:3)
  3 endoplasms
  A giant cockroach (D:3)
  A goblin (D:2)
  4 hobgoblins
  4 jackals
  2 quokkas
  5 ball pythons
  2 frilled lizards (D:3)
  6 kobolds
  2 rats (D:2)
43 creatures vanquished.

Vanquished Creatures (others)
  21 foxfires (D:1)
21 creatures vanquished.

Grand Total: 64 creatures vanquished

Notes
Turn   | Place    | Note
-------+----------+-------------------------------------------
     0 | D:1      | Bronimir the Djinni Fire Elementalist began the quest for
                  | the Orb.
     0 | D:1      | Bronimir set off with the following spells memorised:
                  | Foxfire, Scorch, Volatile Blastmotes, Inner Flame, Flame
                  | Wave.
     0 | D:1      | Reached XP level 1. HP: 15/15 MP: 0/0
   226 | D:1      | Reached XP level 2. HP: 19/21 MP: 0/0
  1261 | D:2      | Reached XP level 3. HP: 25/25 MP: 0/0
  1261 | D:2      | Learned a level 1 spell: Summon Small Mammal
  1431 | D:2      | Reached XP level 4. HP: 24/31 MP: 0/0
  2118 | D:3      | Reached skill level 1 in Ranged Weapons
  2496 | D:3      | Found a faded altar of an unknown god.
  2699 | D:3      | Reached XP level 5. HP: 36/36 MP: 0/0
  2699 | D:3      | Learned a level 2 spell: Lesser Beckoning
  2837 | D:4      | Slain by a gnoll

Illustrated notes

Levels and vault maps discovered:
D:1:      wander_arrival_fairy_ring, layout_loops_corners,
          corexii_leaking_fountain, minivault_5
D:2:      layout_loops_cross, hangedman_decor_peaks_small
D:3:      layout_loops_corners, nicolae_vehumet_altar_sigil,
          kiku_gazebo_pond_becter, dreamdust_ecumenical_altar_angels_and_demons,
          minmay_misc_feat_cross
D:4:      layout_rooms, mainiacjoe_overflow_six_doors_small,
          worldfamousw_hep_ancestral_shrine, enter_ossuary_4

Skill      XL: |  1  2  3  4  5 |
---------------+----------------+-----
Spellcasting   | 3 |  3.6
Ranged Weapons | 1 |  1.4
Dodging        | 3 |  3.0
Fighting       | |  0.5
Stealth        | |  1.7

Action                     |  1- 3 |  4- 6 || total
---------------------------+-------+-------++-------
  Melee: Unarmed           |     6 |       ||     6
         Short sword       |     3 |       ||     3
   Fire: Sling             |    31 |    45 ||    76
   Cast: Foxfire           |    15 |       ||    15
         Scorch            |    15 |    18 ||    33
         Lesser Beckoning  |       |     2 ||     2
 Armour: Robe              |    13 |     4 ||    17
  Dodge: Dodged            |    40 |    21 ||    61
